 Dungeon Crawl Stone Soup version 0.24-a0-201-gf205589 (webtiles) character file.

Game seed: 623141887667846402

3572 Hasart the Carver (level 10, -3/64 HPs)
             Began as a Gargoyle Fighter on Mar 21, 2019.
             Slain by an orc warrior
             ... wielding a +1 war axe of flaming
              (11 damage)
             ... on level 8 of the Dungeon.
             The game lasted 00:18:11 (8456 turns).

Hasart the Carver (Gargoyle Fighter)                Turns: 8456, Time: 00:18:11

Health: -3/64      AC: 17    Str: 23    XL:     10   Next: 9%
Magic:  10/10      EV:  8    Int:  9    God:
Gold:   373        SH: 11    Dex:  9    Spells: 9/9 levels left

rFire    . . .     SeeInvis .   a - +0 long sword
rCold    + . .     Gourm    .   c - +0 shield
rNeg     + . .     Faith    .   j - +1 scale mail {rC+}
rPois    ∞         Spirit   .   t - +0 helmet
rElec    +         Reflect  .   (no cloak)
rCorr    .         Harm     .   (no gloves)
MR       .....                  (no boots)
Stlth    +.........             (no amulet)
HPRegen  0.20/turn              h - ring of stealth
MPRegen  0.12/turn              (no ring)

@: no status effects
A: negative energy resistance 1, electricity resistance, unbreathing,
petrification resistance, rot immunity, AC +7
a: no special abilities


You were on level 8 of the Dungeon.
You were not hungry.

You visited 2 branches of the dungeon, and saw 9 of its levels.

You collected 373 gold pieces.

Inventory:

Hand Weapons
 a - a +0 long sword (weapon)
Missiles
 y - a throwing net (quivered)
Armour
 c - a +0 shield (worn)
 j - a +1 scale mail of cold resistance (worn)
 t - a +0 helmet (worn)
Jewellery
 h - a ring of stealth (left hand)
 x - a +2 ring of intelligence {unknown}
Wands
 v - a wand of paralysis (9)
Scrolls
 e - 4 scrolls of noise {unknown}
 g - 9 scrolls of identify {unknown}
 i - 2 scrolls of enchant armour {unknown}
 k - 3 scrolls of magic mapping {unknown}
 l - a scroll of fog {unknown}
 n - 6 scrolls of teleportation {unknown}
 o - 4 scrolls of remove curse {unknown}
 w - a scroll of random uselessness {unknown}
 z - a scroll of blinking {unknown}
Potions
 b - 2 potions of agility {unknown}
 d - a potion of might
 m - 2 potions of berserk rage {unknown}
 p - 2 potions of brilliance {unknown}
 q - a potion of invisibility {unknown}
 r - a potion of mutation {unknown}
 s - 3 potions of lignification {unknown}
 u - 3 potions of curing {unknown}
Comestibles
 f - 21 rations


   Skills:
 + Level 7.7 Fighting
 * Level 8.4 Long Blades
 + Level 7.7 Armour
 + Level 7.6 Shields


You had 9 spell levels left.
You didn't know any spells.
Your spell library contained the following spells:

 Spells                   Type           Power        Failure   Level  Hunger
 Sandblast                Erth           #.....       94%         1    ##.....
 Passwall                 Tmut/Erth      #.......     98%         2    ###....
 Stone Arrow              Conj/Erth      #.....       100%        3    ####...
 Petrify                  Tmut/Erth      #.......     100%        4    #####..
 Lee's Rapid Deconstruct  Erth           #.........   100%        5    ######.


Dungeon Overview and Level Annotations

Branches:
Dungeon (8/15)             Temple (1/1) D:6
   Lair: D:8-11

Altars:
Ashenzari
Cheibriados
Dithmenos
Elyvilon
Fedhas
Gozag
Hepliaklqana
Kikubaaqudgha
Makhleb
Nemelex Xobeh
Qazlal
Ru
Sif Muna
Trog
Uskayaw
Wu Jian
Xom
Yredelemnul
Zin
The Shining One


Innate Abilities, Weirdness & Mutations

You are resistant to torment.
Your stone body is resilient. (AC +7)
You are immune to poison.
You resist negative energy. (rN+)
You are resistant to electric shocks. (rElec)
You can survive without breathing.
You are immune to petrification.
You are immune to rotting.


Message History

The orc priest looks encouraged for a moment.
You block the orc warrior's attack.
You hit the orc warrior but do no damage.
The orc warrior is severely wounded.
The orc warrior barely misses you.
You closely miss the orc warrior.
The orc warrior is severely wounded.
You hit the orc warrior.
The orc warrior is almost dead.
The orc warrior hits you with a +1 war axe of flaming.
* * * LOW HITPOINT WARNING * * *
The orc warrior burns you.
* * * LOW HITPOINT WARNING * * *
You closely miss the orc warrior.
The orc warrior is almost dead.
The orc warrior barely misses you.
You barely miss the orc warrior.
The orc warrior is almost dead.
The orc warrior hits you with a +1 war axe of flaming!
You die...

##### ### ##########
#...# .... .........#
#...# .....
########.####...###......
................@ooo.>...
.......#.####...###......
.##.##.#.# #...# .....
......<#.# #...# ....
..#....#.# #...# ...
..#....#.# #...# ..
..#.##.#.####...# .
..#....#....##### .
..#.#######.#######..


You could see an orc warrior, an orc priest and an orc.

Vanquished Creatures
  A hippogriff (D:7)
  A spriggan (D:7)
  Duvessa (D:5)
  A sky beast (D:5)
  An orc warrior (D:8)
  An ice beast (D:8)
  2 phantoms
  2 black bears
  2 centaurs
  5 ogres
  Blork the orc (D:4)
  2 bullfrogs
  A gnoll sergeant (D:7)
  Dowan (D:5)
  A scorpion (D:5)
  2 howler monkeys
  A wight (D:7)
  4 crimson imps
  7 orc priests
  4 hounds
  A centaur skeleton (D:7)
  A gnoll shaman (D:6)
  12 orc wizards
  3 iguanas
  4 worker ants
  3 hound skeletons
  A howler monkey zombie (D:5)
  19 gnolls
  8 adders
  2 shadow imps (D:7)
  5 worms
  2 dart slugs
  2 leopard geckos (D:3)
  22 orcs
  A ball python (D:6)
  3 giant cockroaches
  2 gnoll zombies (D:5)
  9 goblins
  9 hobgoblins
  6 jackals
  11 kobolds
  4 quokkas
  7 bats
  3 frilled lizards
  A leopard gecko skeleton (D:2)
  A quokka skeleton (D:7)
  A quokka zombie (D:7)
  14 rats
198 creatures vanquished.

Notes
Turn   | Place    | Note
-------+----------+-------------------------------------------
     0 | D:1      | Hasart the Gargoyle Fighter began the quest for the Orb.
     0 | D:1      | Reached XP level 1. HP: 14/14 MP: 1/1
    62 | D:1      | Reached skill level 2 in Long Blades
    72 | D:1      | Reached XP level 2. HP: 18/19 MP: 2/2
   466 | D:1      | Reached XP level 3. HP: 16/23 MP: 3/3
   921 | D:2      | Reached XP level 4. HP: 23/29 MP: 4/4
  1020 | D:2      | Reached skill level 3 in Long Blades
  1357 | D:3      | Reached XP level 5. HP: 33/33 MP: 5/5
  1501 | D:3      | Found a shattered altar of Ashenzari.
  1853 | D:3      | Found a sparkling altar of Nemelex Xobeh.
  2457 | D:4      | Reached XP level 6. HP: 32/39 MP: 6/6
  2475 | D:4      | Found a white marble altar of Elyvilon.
  2478 | D:4      | Found a sparkling altar of Nemelex Xobeh.
  2481 | D:4      | Found an ancient bone altar of Kikubaaqudgha.
  2531 | D:3      | Reached skill level 4 in Long Blades
  2902 | D:4      | HP: 1/39 [orc priest/divine providence (12)]
  3250 | D:4      | Noticed Blork the orc
  3263 | D:4      | Killed Blork the orc
  3263 | D:4      | Reached XP level 7. HP: 24/44 MP: 7/7
  3264 | D:4      | Found a burning altar of Makhleb.
  3719 | D:4      | Reached skill level 5 in Armour
  3725 | D:4      | Reached skill level 5 in Fighting
  3725 | D:4      | Reached skill level 5 in Shields
  4173 | D:4      | Found a sacrificial altar of Ru.
  4243 | D:5      | Entered Level 5 of the Dungeon
  4267 | D:5      | Reached skill level 5 in Long Blades
  4285 | D:5      | Found the +9 staff of Olgreb {rPois}
  4303 | D:5      | Reached XP level 8. HP: 44/49 MP: 8/8
  4782 | D:5      | Reached skill level 6 in Long Blades
  5005 | D:5      | Found a basalt altar of Yredelemnul.
  5298 | D:6      | Noticed Duvessa
  5298 | D:6      | Noticed Dowan
  5421 | D:5      | Killed Duvessa
  5428 | D:5      | Killed Dowan
  5788 | D:6      | Found a staircase to the Ecumenical Temple.
  5828 | D:6      | Reached XP level 9. HP: 40/55 MP: 9/9
  5848 | Temple   | Entered the Ecumenical Temple
  6012 | D:6      | Found a glowing silver altar of Zin.
  6024 | D:6      | Found a glowing golden altar of the Shining One.
  6025 | D:6      | Found a stormy altar of Qazlal.
  6028 | D:6      | Found a snail-covered altar of Cheibriados.
  6469 | D:7      | Reached skill level 7 in Long Blades
  7058 | D:7      | Found a shadowy altar of Dithmenos.
  7643 | D:7      | Reached skill level 8 in Long Blades
  7951 | D:8      | Reached XP level 10. HP: 58/63 MP: 10/10
  8456 | D:8      | Slain by an orc warrior

Levels and vault maps discovered:
D:1:      onia_arrival_mini_spirals, layout_basic
D:2:      layout_rooms
D:3:      layout_basic, ashenzari_altar_1, nemelex_altar_shiori
D:4:      layout_gridville, grunt_temple_overflow_diamond, lemuel_round_altar,
          nicolae_overflow_hidden_temple, first_ration, uniq_blork_the_orc
D:5:      layout_rooms, lemuel_zombie_altar_yredelemnul,
          cheibrodos_sewer_entry_bend, lemuel_flamethrower_1
D:6:      layout_loops_ring, minitemple, minmay_temple_entry_overgrown,
          kennysheep_generic_room_4, uniq_duvessa
D:7:      minmay_razor_zed, layout_layer_cave, the_bakery,
          nicolae_dithmenos_the_darkroom
D:8:      layout_basic
Temple:   compressed_dpeg_triangle_lava_temple

Skill      XL: |  1  2  3  4  5  6  7  8  9 |
---------------+----------------------------+-----
Long Blades    | 2 3 4 5 6 8 |  8.4
Fighting       | 4 5 6 7 |  7.7
Shields        | 4 5 6 7 |  7.6
Armour         | 4 5 6 7 |  7.7

Action                   |  1- 3 |  4- 6 |  7- 9 | 10-12 || total
-------------------------+-------+-------+-------+-------++-------
Melee: Long sword        |   124 |   237 |   640 |    71 ||  1072
  Eat: Chunk             |       |     8 |    13 |     2 ||    23
       Ration            |       |       |     1 |       ||     1
Armor: Scale mail        |    80 |   119 |   356 |    11 ||   566
Dodge: Dodged            |    44 |    83 |   180 |    13 ||   320
Block: Shield            |    67 |   135 |   371 |    23 ||   596
       Rpst.: Long sword |    11 |    26 |    59 |     2 ||    98

Table legend:
 A = Non-vault XP
 B = Vault XP
 C = Vault XP percentage of total XP
 D = Non-vault monster count
 E = Vault monster count
 F = Vault count percentage of total count
                 A         B        C        D         E       F
            +---------+---------+-------+---------+---------+-------
      Total |    4029 |    1075 |  21.1 |     180 |      18 |   9.1
            +---------+---------+-------+---------+---------+-------
        D:1 |      36 |       0 |   0.0 |      24 |       0 |   0.0
        D:2 |     108 |       0 |   0.0 |      26 |       0 |   0.0
        D:3 |     299 |       0 |   0.0 |      34 |       0 |   0.0
        D:4 |     445 |      99 |  18.2 |      18 |       1 |   5.3
        D:5 |     902 |     232 |  20.5 |      25 |       6 |  19.4
        D:6 |     431 |     124 |  22.3 |      20 |       1 |   4.8
        D:7 |    1184 |     620 |  34.4 |      22 |      10 |  31.2
        D:8 |     624 |       0 |   0.0 |      11 |       0 |   0.0
            +---------+---------+-------+---------+---------+-------
